 Dungeon Crawl Stone Soup version 0.30.0-10-gfe55d96785 (webtiles) character file.

Game seed: 5277557604315268962

11016 sasquatch the Geomancer (level 11, -1/61 HPs)
             Began as an Octopode Earth Elementalist on May 14, 2023.
             Was a Believer of Vehumet.
             Slain by a thrashing horror (4 damage)
             ... on level 2 of the Abyss.
             The game lasted 00:30:41 (13946 turns).

sasquatch the Geomancer (OpEE)                     Turns: 13946, Time: 00:30:42

Health: -1/61      AC:  1    Str: 20    XL:     11   Next: 71%
Magic:  32/32      EV: 18    Int: 20    God:    Vehumet [**....]
Gold:   432        SH:  0    Dex: 18    Spells: 8/26 levels left

rFire   . . .        N - staff of conjuration "Hyll" {Will+}
rCold   + . .        (no shield)
rNeg    + . .        (helmet restricted)
rPois   +            Q - amulet "Henuaryg" {RegenMP rC+}
rElec   .            d - +6 ring of dexterity
rCorr   +            E - +5 ring of evasion
SInv    +            O - +6 ring of strength
Will    .....        M - ring "Lell" {rN+ Will- rCorr MP+9 Stlth+}
Stlth   ++++         f - ring "Astenn" {rPois Str+6 Int-2 SInv}
HPRegen 0.30/turn    (no ring)
MPRegen 0.63/turn    (no ring)
                     (no ring)

%: no passive effects
@: about to teleport
A: almost no armour, amphibious, 8 rings, camouflage 1, gelatinous body 1,
(nimble swimmer 1), tentacles
a: Renounce Religion


You were on level 2 of the Abyss.
You worshipped Vehumet.
Vehumet was pleased with you.
You visited 2 branches of the dungeon, and saw 10 of its levels.
You visited the Abyss 1 time.
You also visited: Ossuary.

You collected 606 gold pieces.
You spent 174 gold pieces at shops.

Inventory:

Hand Weapons
 F - a +1 whip of freezing
 G - a +4 hand axe of flaming
 L - a +4 scimitar of flaming
Missiles
 o - 23 poisoned darts
 v - 2 javelins
 H - 5 curare-tipped darts
Magical Staves
 D - a staff of cold
 N - the staff of conjuration "Hyll" (weapon) {Will+}
   (You found it on level 8 of the Dungeon)

   [staff of conjuration]

   Base accuracy: +5 Base damage: 5 Base attack delay: 1.2 This weapon's minimum
   attack delay (0.6) is reached at skill level 12.
   Will:      It increases your willpower.
   It falls into the 'Staves' category.
   It is a one-tentacled weapon.
Jewellery
 d - a +6 ring of dexterity (left tentacle)
 f - the ring "Astenn" (on tentacle) {rPois Str+6 Int-2 SInv}
   (You found it on level 9 of the Dungeon)

   [ring of strength]

   Str:       It affects your strength (+6).
   Int:       It affects your intelligence (-2).
   rPois:     It protects you from poison.
   SInv:      It lets you see invisible.
 E - a +5 ring of evasion (right tentacle)
 M - the ring "Lell" (on tentacle) {rN+ Will- rCorr MP+9 Stlth+}
   (You found it on level 8 of the Dungeon)

   [ring of resist corrosion]

   rN:        It protects you from negative energy.
   MP:        It affects your magic capacity (+9).
   rCorr:     It protects you from acid and corrosion.
   Will:      It decreases your willpower.
   Stlth:     It makes you more stealthy.
 O - a +6 ring of strength (on tentacle)
 Q - the amulet "Henuaryg" (around mantle) {RegenMP rC+}
   (You took it off a centaur warrior on level 9 of the Dungeon)

   [amulet of magic regeneration]

   It increases your rate of magic regeneration.
   rC:        It protects you from cold.
Wands
 m - a wand of mindburst (15)
 p - a wand of iceblast (9)
 t - a wand of flame (29)
Scrolls
 e - 3 scrolls of enchant weapon
 h - a scroll of fog
 i - 2 scrolls of amnesia
 j - 4 scrolls of blinking
 q - 2 scrolls of enchant armour
 r - 3 scrolls of poison
 x - a scroll of teleportation
 A - 2 scrolls of magic mapping
 B - a scroll of fear
 C - 2 scrolls of vulnerability {unknown}
 J - a scroll of immolation {unknown}
 P - a scroll of acquirement {unknown}
 R - a scroll of brand weapon {unknown}
Potions
 a - 3 potions of magic
 b - 3 potions of flight
 c - 3 potions of ambrosia
 g - 2 potions of might
 k - 3 potions of mutation
 l - 2 potions of heal wounds {unknown}
 n - 3 potions of brilliance
 s - 2 potions of haste {unknown}
 u - 2 potions of resistance {unknown}
 w - 2 potions of cancellation {unknown}
 z - 2 potions of degeneration {unknown}
 I - a potion of lignification {unknown}
 K - 2 potions of curing
Miscellaneous
 y - a lightning rod (4/4)


   Skills:
 - Level 2.0 Dodging
 - Level 2.6 Stealth
 - Level 8.0 Spellcasting
 + Level 10.3 Conjurations
 - Level 8.0 Transmutations
 + Level 10.3 Earth Magic


You had 8 spell levels left.
You knew the following spells:

 Your Spells              Type           Power      Damage    Failure   Level
a - Sandblast             Erth           98%        2d20      1%          1
b - Passwall              Tmut/Erth      36%        N/A       1%          2
c - Petrify               Tmut/Erth      44%        N/A       1%          4
d - Spider Form           Tmut/Pois      24%        N/A       4%          3
e - Irradiate             Conj/Tmut      30%        3d21      5%          5
h - Stone Arrow           Conj/Erth      100%       3d13      1%          3

Your spell library contained the following spells:

 Spells                   Type           Power      Damage    Failure   Level
 Searing Ray              Conj           100%       2d8       1%          2
 Beastly Appendage        Tmut           80%        N/A       1%          1
 Wereblood                Tmut           40%        N/A       1%          2
 Necrotise                Necr           32%        1d5       9%          1
 Blade Hands              Tmut           20%        N/A       9%          5
 Ensorcelled Hibernation  Hex/Ice        16%        N/A       13%         2
 Sublimation of Blood     Necr           8%         N/A       13%         2
 Vampiric Draining        Necr           8%         2d6       26%         3
 Vhi's Electric Charge    Tloc/Air       16%        N/A       26%         3
 Arcjolt                  Conj/Air       21%        1d31      28%         5
 Borgnjor's Vile Clutch   Necr/Erth      14%        N/A       28%         5
 Alistair's Intoxication  Tmut/Pois      16%        N/A       41%         5
 Yara's Violent Unravell  Hex/Tmut       12%        3d7       41%         5
 Anguish                  Hex/Necr       4%         N/A       63%         4
 Agony                    Necr           8%         N/A       93%         5
 Metabolic Englaciation   Hex/Ice        4%         N/A       93%         5
 Eringya's Noxious Bog    Tmut/Pois      12%        N/A       94%         6
 Dragon Form              Tmut           20%        N/A       95%         7
 Plasma Beam              Fire/Air       4%         2x1d15    100%        6
 Ozocubu's Refrigeration  Ice            4%         4d8       100%        7
 Summon Hydra             Summ           4%         N/A       100%        7


Dungeon Overview and Level Annotations

Branches:
Dungeon (9/15)             Temple (1/1) D:6            Lair (0/5) D:9
Ossuary (visited)
    Orc: D:9-12

Altars:
Ashenzari
Cheibriados
Dithmenos
Elyvilon
Fedhas
Gozag
Hepliaklqana
Kikubaaqudgha
Makhleb
Nemelex Xobeh
Okawaru
Qazlal
Ru
Sif Muna
Trog
Uskayaw
Vehumet
Wu Jian
Xom
Yredelemnul
Zin
The Shining One

Shops:
D:5 *   D:9 (*[?

Annotations:
D:9 Erolcha


Innate Abilities, Weirdness & Mutations

You cannot wear most types of armour.
You are amphibious.
You can wear up to eight rings at the same time.
Your skin changes colour to match your surroundings (Stealth+).
Your rubbery body absorbs attacks. (AC +1, EV +1)
((You are camouflaged when in or above water. (Stealth+)))
You have tentacles for arms and can constrict up to eight enemies at once.


Message History

Found a corrupted altar of Lugonu.
A rakshasa comes into view. It is wielding a +0 long sword.
You plunge deeper into the Abyss.
You enter the shallow water.
A thrashing horror comes into view.
A smoke demon comes into view.
A bone dragon comes into view.
The thrashing horror roars!
The thrashing horror tramples you.
You stumble backwards!
As you read the scroll of teleportation, it crumbles to dust.
You feel strangely unstable.
You feel the power of the Abyss delaying your translocation!
The smoke demon gestures at you. The ball of steam misses you.
The thrashing horror completely misses you.
The thrashing horror tramples you!
You hold your ground!
The thrashing horror barely misses you. The thrashing horror tramples you!
You hold your ground!
The bone dragon attacks as you move away!
The bone dragon bites you. The bone dragon claws you.
The bone dragon completely misses you. The thrashing horror tramples you.
You hold your ground!
The thrashing horror misses you.
The thrashing horror tramples you but does no damage.
The thrashing horror barely misses you.
The thrashing horror attacks as you move away!
The thrashing horror barely misses you. The thrashing horror tramples you.
The thrashing horror completely misses you.
The thrashing horror barely misses you. The thrashing horror misses you.
The thrashing horror completely misses you.
The thrashing horror tramples you!
You stumble backwards!
The thrashing horror closely misses you.
The thrashing horror tramples you!
* * * LOW HITPOINT WARNING * * *
You hold your ground!
Okay, then.
Okay, then.
The thrashing horror tramples you!
* * * LOW HITPOINT WARNING * * *
You hold your ground!
The thrashing horror tramples you.
You die...

.# . .. ## # #. ##.#..
##. ##§# ..#.. 3..
#..#.#.# #. #. .....##
#.#.#..#... .. ......###
#.@.#.#...# ##..
§#.#..#####X.....#
.#...##.#....###.....#...
#...#...#...##.#....##
#....#....3..D...## .##.
#.##.#.#....... #.
##...#...Z#..#....# .
#.#...####.....####..
#...... .#.#... § #


You could see a thrashing horror.

Vanquished Creatures
  A centaur warrior (D:9)
  2 two-headed ogres (D:9)
  A sea snake (shapeshifter) (D:9)
  Pikel (D:6)
  An ugly thing (D:8)
  A manticore (D:9)
  Joseph (D:9)
  2 efreet
  A troll (D:9)
  A hornet (shapeshifter) (D:9)
  Sigmund (D:5)
  A slime creature (D:8)
  A wraith (D:9)
  A wyvern (D:8)
  9 yaks (D:9)
  2 steam dragons (D:7)
  4 water moccasins
  A black bear (D:8)
  5 orc warriors
  3 sky beasts
  3 ice beasts
  2 ogres
  4 centaurs
  A lemure (D:6)
  A phantom (D:5)
  2 kobold brigands
  3 bullfrogs
  A gnoll sergeant (D:9)
  2 scorpions
  A water moccasin zombie (Ossuary)
  6 killer bees
  3 howler monkeys
  5 hounds
  8 orc priests
  3 jellies
  Ijyb (D:3)
  Crazy Yiuf (D:2)
  4 iguanas
  8 orc wizards
  2 mummies (Ossuary)
  4 gnolls (D:4)
  7 adders
  2 shadow imps (D:7)
  3 white imps
  2 ufetubi (D:5)
  3 adder zombies (Ossuary)
  4 worms
  6 dart slugs
  40 orcs
  5 endoplasms
  9 giant cockroaches
  6 gnoll zombies (Ossuary)
  6 goblins
  5 hobgoblins
  7 jackals
  4 quokkas
  8 ball pythons
  8 bats
  3 frilled lizards
  4 hobgoblin zombies (Ossuary)
  11 kobolds
  8 kobold zombies (Ossuary)
  3 orc zombies (Ossuary)
  5 rats
264 creatures vanquished.

Notes
Turn   | Place    | Note
-------+----------+-------------------------------------------
     0 | D:1      | sasquatch the Octopode Earth Elementalist began the quest
                  | for the Orb.
     0 | D:1      | Reached XP level 1. HP: 11/11 MP: 3/3
   128 | D:1      | Reached XP level 2. HP: 17/17 MP: 3/5
   426 | D:1      | Found a faded altar of an unknown god.
   524 | D:1      | Reached XP level 3. HP: 21/21 MP: 2/6
   646 | D:1      | Learned a level 2 spell: Passwall
   650 | D:1      | Learned a level 3 spell: Stone Arrow
  1274 | D:2      | Found a runed translucent door.
  1275 | D:2      | Noticed Crazy Yiuf
  1587 | D:2      | Reached skill level 1 in Conjurations
  1593 | D:2      | Reached XP level 4. HP: 27/27 MP: 2/7
  1674 | D:2      | Found a blossoming altar of Fedhas.
  2587 | D:2      | Reached XP level 5. HP: 15/31 MP: 3/9
  3222 | D:3      | Noticed Ijyb
  3365 | D:3      | Noticed a kobold brigand
  3369 | D:3      | Killed a kobold brigand
  3370 | D:3      | Reached XP level 6. HP: 36/36 MP: 6/10
  3797 | D:2      | Killed Crazy Yiuf
  3963 | D:3      | Killed Ijyb
  4072 | D:4      | Found a sand-covered staircase.
  4077 | Ossuary  | Entered an ossuary
  4131 | Ossuary  | Reached skill level 5 in Earth Magic
  4597 | D:4      | Reached XP level 7. HP: 41/41 MP: 7/12
  4779 | D:4      | Found a burning altar of Makhleb.
  5780 | D:5      | Entered Level 5 of the Dungeon
  5822 | D:5      | Learned a level 4 spell: Petrify
  6104 | D:5      | Reached XP level 8. HP: 45/46 MP: 2/14
  6298 | D:5      | Reached skill level 5 in Conjurations
  6376 | D:5      | Found a basalt altar of Yredelemnul.
  6448 | D:5      | Noticed Sigmund
  6866 | D:5      | Found Zoahuu Goaho's Assorted Antiques.
  7248 | D:5      | Killed Sigmund
  7315 | D:5      | Bought a scroll of identify for 58 gold pieces
  7420 | D:6      | Reached XP level 9. HP: 51/51 MP: 2/16
  7592 | D:6      | You fall into a shaft and drop 2 floors!
  7867 | D:7      | Reached skill level 5 in Spellcasting
  9255 | D:6      | Found a staircase to the Ecumenical Temple.
  9262 | Temple   | Entered the Ecumenical Temple
  9477 | Temple   | Became a worshipper of Vehumet
  9541 | D:6      | Noticed Pikel
  9550 | D:6      | Killed Pikel
  9551 | D:6      | Reached skill level 5 in Transmutations
  9551 | D:6      | Reached XP level 10. HP: 46/56 MP: 2/19
  9627 | D:6      | Found a shimmering altar of Xom.
 10377 | D:7      | Learned a level 3 spell: Spider Form
 10854 | D:8      | Found an iron altar of Okawaru.
 11126 | D:8      | Found a bloodstained altar of Trog.
 11497 | D:8      | Identified the staff of conjuration "Hyll" {Will+}
 11498 | D:8      | Identified the ring "Lell" {rN+ Will- rCorr MP+9 Stlth+}
 11589 | D:8      | Noticed a brown ugly thing
 11596 | D:8      | Killed a brown ugly thing
 11867 | D:9      | Reached * piety under Vehumet
 11867 | D:9      | Offered knowledge of Shock by Vehumet.
 12127 | D:9      | Noticed Erolcha
 12242 | D:9      | Noticed a two-headed ogre
 12246 | D:9      | Noticed a manticore
 12371 | D:9      | Reached XP level 11. HP: 61/61 MP: 21/21
 12406 | D:9      | Noticed a sea snake
 12415 | D:9      | Identified the amulet "Henuaryg" {RegenMP rC+}
 12415 | D:9      | Noticed a centaur warrior
 12425 | D:9      | Killed a sea snake
 12549 | D:9      | Found a staircase to the Lair.
 12637 | D:9      | Reached skill level 10 in Earth Magic
 12874 | D:9      | Killed a manticore
 12892 | D:9      | Killed a two-headed ogre
 12945 | D:9      | Noticed a two-headed ogre
 12958 | D:9      | Killed a two-headed ogre
 12976 | D:9      | Identified the ring "Astenn" {rPois Str+6 Int-2 SInv}
 12987 | D:9      | Killed a centaur warrior
 12987 | D:9      | Reached ** piety under Vehumet
 12988 | D:9      | Reached skill level 10 in Conjurations
 13156 | D:9      | Learned a level 5 spell: Irradiate
 13157 | D:9      | Got Mici's Directory of Cold Guile
 13226 | D:9      | Offered knowledge of Searing Ray by Vehumet.
 13258 | D:9      | Noticed Joseph
 13264 | D:9      | Killed Joseph
 13420 | D:9      | Found an opulent altar of Gozag.
 13674 | D:9      | Found Ohess's General Store.
 13674 | D:9      | Found Cut Ycke's Magic Scroll Shop.
 13676 | D:9      | Found Idiekh's Antique Weapon Shop.
 13676 | D:9      | Found Wufoerit's Antique Armour Shop.
 13680 | D:9      | Bought 2 scrolls of identify for 60 gold pieces
 13686 | D:9      | Bought a scroll of identify for 28 gold pieces
 13686 | D:9      | Bought a scroll of identify for 28 gold pieces
 13740 | Abyss:1  | Cast into level 1 of the Abyss (Erolcha)
 13747 | Abyss:1  | Noticed a wretched star
 13750 | Abyss:1  | Found a corrupted altar of Lugonu.
 13841 | Abyss:1  | Noticed a quicksilver dragon
 13843 | Abyss:1  | Found a corrupted altar of Lugonu.
 13878 | Abyss:1  | Noticed a rakshasa
 13931 | Abyss:2  | Noticed a thrashing horror
 13932 | Abyss:2  | Noticed a bone dragon
 13946 | Abyss:2  | HP: 3/61 [thrashing horror (16)]
 13946 | Abyss:2  | Slain by a thrashing horror

Illustrated notes

Levels and vault maps discovered:
D:1:      shiori_arrival_oz, layout_loops_ring,
          hellmonk_ecumenical_altar_arch_garden
D:2:      layout_loops_corners, basic_altar, serial_bayou_lagoon_a,
          uniq_crazy_yiuf_cottage
D:3:      layout_basic, uniq_ijyb
D:4:      layout_gridville, makhleb_heckhound_becter, enter_ossuary_2,
          grunt_decor_clamped, minmay_crossroads
D:5:      layout_basic, yredelemnul_altar_generic, serial_shops,
          nicolae_shop_crystal, minmay_misc_feat_ornament, uniq_sigmund
D:6:      layout_basic, kennysheep_mini, minmay_temple_entry_statues_fountains,
          uniq_pikel
D:7:      layout_basic
D:8:      layout_basic, lemuel_doored_altar,
          mainiacjoe_overflow_six_doors_small, minmay_diamond_spiral
D:9:      minmay_the_grid_triangle_9x9_rhombus_thin
          [minmay_the_grid_triangle_9x9_descending_squares,
          minmay_the_grid_triangle_9x9_prize_schism,
          minmay_the_grid_triangle_9x9_zippers_horizontal,
          minmay_the_grid_triangle_9x9_thin_v], layout_loops_corners,
          mainiacjoe_overflow_alcove_2, lair_entry_dummy,
          kennysheep_minor_cross, supply_closet_lemuel, minmay_shop_grid_forest,
          feat_on_display, uniq_joseph, uniq_erolcha
Temple:   compressed_dpeg_triangle_lava_temple
Abyss:2:  base: D:5, hangedman_abyss_river_spirits

Skill      XL: |  1  2  3  4  5  6  7  8  9 10 11 |
---------------+----------------------------------+-----
Transmutations | 2 3 5 8 |  8.0
Conjurations   | 1 2 3 4 6 8 10 | 10.3
Earth Magic    | 4 5 6 7 8 9 10 | 10.3
Spellcasting   | 3 4 6 8 |  8.0
Dodging        | |  2.0
Stealth        | |  2.6

Action                     |  1- 3 |  4- 6 |  7- 9 | 10-12 || total
---------------------------+-------+-------+-------+-------++-------
  Melee: Unarmed           |    10 |     1 |       |       ||    11
         Constrict         |     3 |     1 |       |       ||     4
         Tentacles         |     1 |     1 |       |       ||     2
  Throw: Dart              |       |       |     3 |       ||     3
   Cast: Sandblast         |    59 |   130 |   105 |    13 ||   307
         Stone Arrow       |       |     2 |    58 |   144 ||   204
         Petrify           |       |       |       |     2 ||     2
  Evoke: Wand              |       |       |       |     1 ||     1
    Use: Scroll            |       |     5 |     4 |     9 ||    18
         Potion            |       |       |     1 |     4 ||     5
 Armour: Skin              |     6 |     1 |     3 |     3 ||    13
  Dodge: Dodged            |    24 |    56 |    23 |    53 ||   156
